 Dungeon Crawl Stone Soup version 0.19.4 (webtiles) character file.

359 empire the Sneak (level 6, -1/49 HPs)
             Began as a Demonspawn Monk on Feb 3, 2017.
             Slain by an orc wizard
             ... wielding a +0 dagger
              (5 damage)
             ... on level 4 of the Dungeon.
             The game lasted 00:06:48 (3371 turns).

empire the Sneak (Demonspawn Monk)                  Turns: 3371, Time: 00:06:49

Health: -1/49      AC:  2    Str: 11 (12) XL:     6   Next: 37%
Magic:  6/6        EV: 14    Int: 11      God:
Gold:   156        SH:  6    Dex: 16 (17) Spells: 0 memorised, 5 levels left

rFire  + . .     SeeInvis .     a - +0 short sword (venom)
rCold  . . .     Gourm    .     k - +0 robe
rNeg   . . .     Faith    .     (no shield)
rPois  .         Spirit   .     (helmet restricted)
rElec  .         Reflect  .     (no cloak)
rCorr  .         Harm     .     (no gloves)
MR     .....                    (no boots)
Stlth  +++.......               (no amulet)
                                (no ring)
                                p - ring of protection from fire

@: no status effects
A: horns 1, large bone plates 2, powered by death 1
a: no special abilities


You were on level 4 of the Dungeon.
You were near starving.

You visited 1 branch of the dungeon, and saw 4 of its levels.

You collected 156 gold pieces.

Inventory:

Hand Weapons
 a - a +0 short sword of venom (weapon)
 b - a +2 dagger of speed
 m - a +0 long sword
Armour
 d - a +0 plate armour of cold resistance
 e - a +1 helmet
 k - a +0 robe (worn)
Jewellery
 p - a ring of protection from fire (left hand)
Scrolls
 f - 2 scrolls of teleportation {unknown}
 i - 2 scrolls of immolation {unknown}
 j - a scroll of fear {unknown}
 r - a scroll of recharging
Potions
 g - a potion of lignification {unknown}
 h - a potion of curing
 n - a potion of heal wounds {unknown}
Comestibles
 c - a bread ration
 l - 2 meat rations
 q - a beef jerky


   Skills:
 + Level 4.3 Fighting
 - Level 2.6 Short Blades
 + Level 3.9 Dodging
 * Level 5.0 Stealth


You had 5 spell levels left.
You didn't know any spells.

Dungeon Overview and Level Annotations

Branches:
Dungeon (4/15)
 Temple: D:4-7

Altars:
Fedhas


Innate Abilities, Weirdness & Mutations

You have a pair of small horns on your head.
You are mostly covered in large bone plates. (SH +6)
You regenerate a little health from kills.


Message History

Something hits you but does no damage.
You hit the orc wizard.
You kill the orc wizard!
Your Stealth skill increases to level 5!
Something hits you.
* * * LOW HITPOINT WARNING * * *
You barely miss the orc. The orc barely misses you.
You hear some strange, mumbled words.
Something tries to affect you, but you resist.
You hit the orc.
The orc is poisoned.
The orc is heavily wounded.
You block the orc's attack. Something hits you.
* * * LOW HITPOINT WARNING * * *
An orc wizard appears from thin air!
Reactivating autopickup.
The orc wizard hits you but does no damage.
You closely miss the orc. Your headbutt misses the orc.
The orc is heavily wounded.
The orc barely misses you. The orc wizard hits you with a dagger.
You die...

#### ##.### ##
##..#####....##
#.#####....##.....###
######....
###..######.##.
.........# #..# ##...
#.....## #..# #..#
#.))).# #..# ##..#
#ยง)#oo## ##.#
###.... #.##.@.#
#.####....#. #o.
##..# ##........###
#. #..###.........#
#. #...##..#####.## .
##..#..## ##.# ## ..
#.....# #..###.
#....## #......
#....# ##......
.....## #.......


You could see an orc wizard and an orc.

Vanquished Creatures
  The ghost of Paps the Sneak, an amateur DsAs (D:3)
  An orc priest (D:4)
  A bullfrog skeleton (D:4)
  Terence (D:2)
  2 orc wizards (D:4)
  2 gnolls (D:2)
  6 adders
  An ooze (D:3)
  4 leopard geckos
  5 orcs
  2 giant cockroaches
  5 goblins
  5 hobgoblins
  2 quokkas (D:3)
  6 bats
  2 frilled lizards (D:2)
  10 kobolds
  13 rats
69 creatures vanquished.

Notes
Turn   | Place    | Note
-------+----------+-------------------------------------------
     0 | D:1      | empire the Demonspawn Monk began the quest for the Orb.
     0 | D:1      | Reached XP level 1. HP: 18/18 MP: 1/1
   115 | D:1      | Reached skill level 2 in Stealth
   200 | D:1      | Gained mutation: You are partially covered in large bone plates. (SH +4) [demonic ancestry]
   200 | D:1      | Reached XP level 2. HP: 24/24 MP: 2/2
   687 | D:2      | Gained mutation: You are mostly covered in large bone plates. (SH +6) [demonic ancestry]
   687 | D:2      | Reached XP level 3. HP: 29/29 MP: 3/3
  1219 | D:2      | Reached skill level 3 in Stealth
  1279 | D:2      | Found a blossoming altar of Fedhas.
  1464 | D:2      | Noticed Terence
  1490 | D:2      | Killed Terence
  1490 | D:2      | Gained mutation: You regenerate a little health from kills. [demonic ancestry]
  1490 | D:2      | Reached XP level 4. HP: 24/36 MP: 4/4
  2512 | D:3      | Reached XP level 5. HP: 36/42 MP: 5/5
  2639 | D:3      | Reached skill level 4 in Stealth
  2687 | D:3      | Noticed Paps's ghost (amateur DsAs)
  2753 | D:3      | Killed Paps's ghost
  3152 | D:4      | Gained mutation: You have a pair of small horns on your head. [demonic ancestry]
  3152 | D:4      | Reached XP level 6. HP: 42/48 MP: 6/6
  3367 | D:4      | Reached skill level 5 in Stealth
  3371 | D:4      | Slain by an orc wizard

Skill      XL: |  1  2  3  4  5  6 |
---------------+-------------------+-----
Stealth        | 2 3 4 5 |  5.0
Dodging        | 3 |  3.9
Fighting       | 4 |  4.3
Short Blades   | |  2.6

Action                   |  1- 3 |  4- 6 || total
-------------------------+-------+-------++-------
Melee: Short sword       |    71 |   102 ||   173
       Dagger            |    45 |    88 ||   133
       Headbutt          |       |     7 ||     7
  Use: Scroll            |       |     6 ||     6
       Potion            |       |     5 ||     5
 Stab: Sleeping          |     8 |     5 ||    13
  Eat: Chunk             |     2 |     4 ||     6
Armor: Robe              |    23 |    21 ||    44
Dodge: Dodged            |    61 |    77 ||   138
Block: Other             |    11 |    34 ||    45
